 Dungeon Crawl Stone Soup version 0.22-a0-417-g1387785 (webtiles) character file.

350 Amnesiac the Changer (level 6, -2/30 HPs)
             Began as a Spriggan Transmuter on May 14, 2018.
             Was a Follower of Sif Muna.
             Killed by divine providence
             ... invoked by an orc priest
              (15 damage)
             ... on level 4 of the Dungeon.
             The game lasted 00:08:44 (4395 turns).

Amnesiac the Changer (Spriggan Transmuter)          Turns: 4395, Time: 00:08:45

Health: -2/30      AC:  2    Str:  6    XL:     6   Next: 33%
Magic:  12/15      EV: 23    Int: 16    God:    Sif Muna [*.....]
Gold:   116        SH:  0    Dex: 22    Spells: 10/16 levels left

rFire    . . .     SeeInvis +     - Unarmed
rCold    . . .     Gourm    .   (shield currently unavailable)
rNeg     . . .     Faith    .   (armour currently unavailable)
rPois    .         Spirit   .   (helmet currently unavailable)
rElec    .         Reflect  .   (cloak currently unavailable)
rCorr    .         Harm     .   (gloves unavailable)
MR       +....                  (boots unavailable)
Stlth    ++........             (no amulet)
HPRegen  0.10/turn              a - ring of poison resistance
MPRegen  0.14/turn              (no ring)

@: spider-form, divine energy
A: tiny, unfitting armour, see invisible, herbivore, slow metabolism 2
a: End Transformation, Stop Divine Energy, Renounce Religion


You were on level 4 of the Dungeon.
You worshipped Sif Muna.
Sif Muna was aware of your devotion.
You were not hungry.
You were a venomous arachnid creature.
You visited 2 branches of the dungeon, and saw 6 of its levels.

You collected 116 gold pieces.

Inventory:

Hand Weapons
 l - a +0 quarterstaff
 p - a +2 long sword of holy wrath (melded)
Missiles
 i - 7 curare-tipped needles
Armour
 b - a +0 robe (melded)
Jewellery
 a - a ring of poison resistance (left front leg)
Scrolls
 e - a scroll of remove curse {!r, unknown}
 g - 3 scrolls of identify {!r, unknown}
 h - a scroll of teleportation {!r}
 k - a scroll of enchant weapon {!r, unknown}
 m - a scroll of noise {!r, unknown}
 o - a scroll of fear {!r, unknown}
Potions
 c - a potion of mutation {!q, unknown}
 f - 2 potions of resistance {!q}
 j - a potion of haste {!q, unknown}
 n - a potion of lignification {!q, unknown}
Comestibles
 d - 2 rations


   Skills:
 - Level 1.1 Fighting
 - Level 4.0 Dodging
 - Level 2.4 Unarmed Combat
 + Level 5.6 Spellcasting
 - Level 6.3 Transmutations


You had 10 spell levels left.
You knew the following spells:

 Your Spells              Type           Power        Failure   Level  Hunger
a - Spider Form           Tmut/Pois      ##........   28%         3    ##.....
b - Sticks to Snakes      Tmut           ###.....     7%          2    #......
c - Beastly Appendage     Tmut           ###...       5%          1    None

Your spell library contained the following spells:

 Spells                   Type           Power        Failure   Level  Hunger
 Blade Hands              Tmut           ###.......   50%         5    ######.
 Ice Form                 Ice/Tmut       ##......     58%         4    ####...


Dungeon Overview and Level Annotations

Branches:
Dungeon (5/15)             Temple (1/1) D:4

Altars:
Ashenzari
Cheibriados
Dithmenos
Elyvilon
Fedhas
Gozag
Hepliaklqana
Kikubaaqudgha
Makhleb
Nemelex Xobeh
Okawaru
Qazlal
Ru
Sif Muna
Trog
Uskayaw
Vehumet
Wu Jian
Xom
Yredelemnul
Zin
The Shining One

Shops:
D:5 (

Annotations:
D:3 Grinder, Ijyb


Innate Abilities, Weirdness & Mutations

You are very small and have problems with some larger weapons.
You are too small for most types of armour.
You have supernaturally acute eyesight. (SInv)
You are a herbivore.
((You cover ground extremely quickly.))
You need to consume almost no food.


Message History

You hit the goblin but do no damage.
The goblin is poisoned.
The goblin shoots a stone.
The stone misses you. The goblin completely misses you.
You hit the goblin.
The goblin is moderately wounded.
Your transformation is almost over.
The hobgoblin shoots a sling bullet.
The sling bullet misses you.
The goblin splashes around in the water.
You hit the goblin but do no damage.
The goblin looks as sick as possible!
The goblin is severely wounded.
You kill the goblin!
Sif Muna accepts your kill.
You hear a splash. x2
The goblin misses you.
The goblin unwields an uncursed hunting sling.
The goblin barely misses you.
You hit the goblin.
You kill the goblin!
Sif Muna accepts your kill.
The hobgoblin unwields an uncursed hunting sling.
The hobgoblin hits you. The goblin completely misses you.
You barely miss the goblin.
The hobgoblin splashes around in the water.
The goblin completely misses you.
An orc priest comes into view. It is wielding a short sword.
The orc priest shouts!
You hit the goblin.
The goblin is heavily wounded.
The hobgoblin completely misses you.
You hit the goblin.
You kill the goblin!
Sif Muna accepts your kill.
The orc priest looks satisfied for a moment.
The hobgoblin hits you.
You hit the hobgoblin.
The hobgoblin is poisoned.
The hobgoblin is heavily wounded.
You kill the hobgoblin!
Sif Muna accepts your kill.
You hear a splash. x2
You enter the shallow water.
Moving in this stuff is going to be slow.
The worm bites you.
Items here: (( )) an uncursed hunting sling; 7 sling bullets; an uncursed hunting sling 23 stones Your transformation has ended.
Your +2 long sword of holy wrath softly glows with a divine radiance!
You see here a robe.
You hit the worm.
The worm is moderately wounded.
The worm bites you.
Casting: Spider Form (safe; 12% risk of failure)
Confirm with . or Enter, or press ? or * to list all spells.
You turn into a venomous arachnid creature.
Your +2 long sword of holy wrath stops glowing.
The worm bites you.
* * * LOW HITPOINT WARNING * * *
Unknown command.
You completely miss the worm.
The worm is lightly wounded.
The orc priest invokes the aid of Beogh against you.
Beogh smites you!
Ouch! That really hurt!
You die...

8.>....... #.....###.
#......... #........#
#......... #........+
########## #(.......
############(....#
........(((.....o#######
.........(..............
.........(....(w........
≈≈≈.≈≈≈≈.≈.≈.≈))s...≈≈..
≈≈≈≈≈≈≈≈≈≈≈≈≈≈≈≈.....≈≈≈
≈≈≈≈≈≈≈≈≈≈≈≈≈≈≈≈.....≈≈≈
≈≈≈≈≈≈≈≈≈≈≈≈≈≈≈.....≈≈≈≈
#################++#####


You could see a worm and an orc priest.

Vanquished Creatures
  An ogre (D:4)
  A big kobold (D:4)
  A bullfrog skeleton (D:5)
  An orc priest (D:5)
  A hound skeleton (D:4)
  4 adders
  An adder skeleton (D:4)
  A worm (D:3)
  2 dart slugs
  A leopard gecko (D:2)
  2 orcs (D:3)
  4 bats
  5 giant cockroaches
  6 goblins
  8 hobgoblins
  7 jackals
  A kobold (D:1)
  2 quokkas
  A ball python (D:1)
  2 frilled lizards (D:2)
  5 rats
57 creatures vanquished.

Vanquished Creatures (collateral kills)
  A worker ant (D:3)
  An adder (D:2)
  A worm (D:2)
  2 bats
  3 jackals
  A kobold (D:2)
  A ball python (D:2)
  A frilled lizard (D:2)
  A rat (D:2)
12 creatures vanquished.

Grand Total: 69 creatures vanquished

Notes
Turn   | Place    | Note
-------+----------+-------------------------------------------
     0 | D:1      | Amnesiac the Spriggan Transmuter began the quest for the Orb.
     0 | D:1      | Reached XP level 1. HP: 9/9 MP: 5/5
   128 | D:1      | Reached skill level 1 in Fighting
   180 | D:1      | Reached XP level 2. HP: 13/14 MP: 3/6
   191 | D:1      | Learned a level 2 spell: Sticks to Snakes
   843 | D:2      | Found a deep blue altar of Sif Muna.
   846 | D:2      | Became a worshipper of Sif Muna the Loreminder
   891 | D:2      | Reached skill level 3 in Transmutations
   976 | D:2      | Reached XP level 3. HP: 7/18 MP: 1/8
  1873 | D:3      | Reached skill level 4 in Transmutations
  2053 | D:3      | Reached XP level 4. HP: 18/22 MP: 6/10
  2111 | D:3      | Noticed Grinder
  2126 | D:3      | Paralysed by Grinder for 3 turns
  2174 | D:3      | Found a hide-covered altar of Uskayaw.
  2175 | D:3      | Noticed a hand axe
  2175 | D:3      | Noticed a dagger
  3161 | D:4      | Learned a level 3 spell: Spider Form
  3229 | D:4      | Noticed a phantom
  3235 | D:5      | Entered Level 5 of the Dungeon
  3239 | D:5      | Found Vumpa's Antique Weapon Shoppe.
  3299 | D:5      | Reached skill level 5 in Transmutations
  3356 | D:5      | Reached XP level 5. HP: 12/25 MP: 8/12
  3502 | D:4      | Found a staircase to the Ecumenical Temple.
  3506 | Temple   | Entered the Ecumenical Temple
  3624 | D:4      | Reached * piety under Sif Muna
  3653 | D:4      | Reached skill level 6 in Transmutations
  3996 | D:3      | Noticed Ijyb
  4027 | D:4      | Noticed an ogre
  4083 | D:4      | Killed an ogre
  4083 | D:4      | Reached skill level 5 in Spellcasting
  4083 | D:4      | Reached XP level 6. HP: 5/30 MP: 9/15
  4395 | D:4      | Killed from afar by an orc priest

Vault maps used:
D:1:      dpeg_arrival_shrine, minmay_pentomino_s4
D:2:      lemuel_blue_sif_altar
D:3:      minmay_door_path, dancing_weapons_uskayaw, minmay_misc_feat_five,
          guppyfry_early_lair_pool, uniq_grinder, uniq_ijyb
D:4:      minmay_goblin_kobold_castle, temple_statues, first_ration
D:5:      serial_shops, nicolae_shop_trees, uniq_crazy_yiuf_cottage
Temple:   compressed_dpeg_circular_temple

Skill      XL: |  1  2  3  4  5 |
---------------+----------------+-----
Fighting       | 1 |  1.1
Transmutations | 3 4 5 6 |  6.3
Spellcasting   | 3 4 5 |  5.6
Dodging        | 4 |  4.0
Unarmed Combat | |  2.4

Action                   |  1- 3 |  4- 6 || total
-------------------------+-------+-------++-------
Melee: Unarmed           |   148 |   117 ||   265
       Kick              |    17 |     7 ||    24
       Headbutt          |     8 |       ||     8
       Punch             |     1 |     1 ||     2
       Long sword        |       |     6 ||     6
 Cast: Beastly Appendage |    22 |     5 ||    27
       Sticks to Snakes  |    14 |     9 ||    23
       Spider Form       |       |    10 ||    10
Invok: Divine Energy     |       |     1 ||     1
  Use: Scroll            |       |     1 ||     1
 Stab: Distracted        |     2 |     1 ||     3
       Sleeping          |     1 |       ||     1
  Eat: Ration            |     1 |     1 ||     2
Armor: Robe              |    23 |     1 ||    24
       Skin              |       |     7 ||     7
Dodge: Dodged            |   176 |   110 ||   286
       Rpst.: Long sword |       |     1 ||     1

Table legend:
 A = Spawn XP
 B = Non-spawn XP
 C = Spawn XP percentage of total XP
 D = Spawn monster count
 E = Non-spawn monster count
 F = Spawn count percentage of total count
 G = Total turns spent on level
                    A         B        C        D         E        F      G
               +---------+---------+-------+---------+---------+-------+---------
         Total |       0 |     500 |   0.0 |       0 |      69 |   0.0 |  4395
               +---------+---------+-------+---------+---------+-------+---------
           D:1 |       0 |      24 |   0.0 |       0 |      13 |   0.0 |   793
           D:2 |       0 |      39 |   0.0 |       0 |      21 |   0.0 |  1005
           D:3 |       0 |      74 |   0.0 |       0 |      19 |   0.0 |  1542
           D:4 |       0 |     279 |   0.0 |       0 |      13 |   0.0 |   706
           D:5 |       0 |      84 |   0.0 |       0 |       3 |   0.0 |   265
               +---------+---------+-------+---------+---------+-------+---------
